 Dungeon Crawl Stone Soup version 0.20.0-8-g6b59dc7 (webtiles) character file.

4701 Dfrag the Destroyer (level 10, -2/63 HPs)
             Began as a Demonspawn Fire Elementalist on May 31, 2017.
             Was a Believer of Vehumet.
             Slain by a hornet (13 damage)
             ... on level 8 of the Dungeon.
             The game lasted 00:14:28 (7492 turns).

Dfrag the Destroyer (Demonspawn Fire Elementalist)  Turns: 7492, Time: 00:14:29

Health: -2/63      AC:  6    Str: 10    XL:     10   Next: 21%
Magic:  0/22       EV: 12    Int: 19    God:    Vehumet [**....]
Gold:   281        SH:  0    Dex: 13    Spells: 12/25 levels left

rFire    + + .     SeeInvis .   q - +2 dagger (venom)
rCold    x . .     Gourm    .   (no shield)
rNeg     . . .     Faith    .   J - +0 robe {rF+}
rPois    .         Spirit   +   (helmet restricted)
rElec    .         Reflect  .   (no cloak)
rCorr    .         Harm     .   (no gloves)
MR       .....                  C - +0 pair of boots
Stlth    ++........             (no amulet)
Regen    0.2/turn               B - ring of loudness (curse)
MPRegen  0.2/turn               p - ring of fire

@: slowed, very slow
A: horns 1, yellow scales 2, nightstalker 1, magic shield
a: Renounce Religion


You were on level 8 of the Dungeon.
You worshipped Vehumet.
Vehumet was pleased with you.
You were hungry.

You visited 1 branch of the dungeon, and saw 8 of its levels.

You collected 281 gold pieces.

Inventory:

Hand Weapons
 q - a +2 dagger of venom (weapon)
Armour
 C - a +0 pair of boots (worn)
 E - a +2 robe
 J - a +0 robe of fire resistance (worn)
Jewellery
 n - an uncursed ring of protection from magic
 p - a ring of fire (right hand)
 t - an uncursed ring of positive energy
 y - an uncursed ring of flight
 B - a cursed ring of loudness (left hand)
 N - an uncursed ring of positive energy
Wands
 e - a wand of polymorph (15/24)
 v - a wand of flame (39/48)
 I - a wand of acid (5/15)
 K - a wand of lightning (8/15)
 M - a wand of lightning (8/15)
Scrolls
 a - a scroll of enchant weapon {unknown}
 f - a scroll of noise
 h - a scroll of fear {unknown}
 j - 4 scrolls of teleportation
 k - 3 scrolls of remove curse {unknown}
 l - a scroll of magic mapping {unknown}
 m - 9 scrolls of identify
 o - a scroll of recharging {unknown}
 r - 4 scrolls of amnesia
 s - a scroll of blinking
 u - a scroll of fog
 x - 3 scrolls of enchant armour {unknown}
 z - a scroll of random uselessness {unknown}
 O - a scroll of silence {unknown}
Potions
 g - 2 potions of heal wounds {unknown}
 i - 7 potions of curing
 A - a potion of flight {unknown}
 D - 3 potions of haste {unknown}
 F - a potion of brilliance {unknown}
 G - 2 potions of lignification {unknown}
 H - a potion of agility {unknown}
Books
 b - a book of Flames

   Spells                             Type                      Level
   a - Flame Tongue                   Conjuration/Fire             1
   b - Throw Flame                    Conjuration/Fire             2
   c - Conjure Flame                  Conjuration/Fire             3
   d - Inner Flame                    Hexes/Fire                   3
   e - Sticky Flame                   Conjuration/Fire             4
   f - Fireball                       Conjuration/Fire             5
Comestibles
 c - 3 bread rations
 d - 8 royal jellies
 w - 3 meat rations


   Skills:
 - Level 1.7 Dodging
 - Level 1.7 Stealth
 + Level 8.1 Spellcasting
 + Level 9.0 Conjurations
 + Level 8.4 Fire Magic


You had 12 spell levels left.
You knew the following spells:

 Your Spells              Type           Power        Failure   Level  Hunger
a - Flame Tongue          Conj/Fire      #####        1%          1    None
b - Conjure Flame         Conj/Fire      ######..     1%          3    None
c - Sticky Flame          Conj/Fire      ######..     2%          4    ###....
d - Fireball              Conj/Fire      ######....   7%          5    #####..


Dungeon Overview and Level Annotations

Branches:
Dungeon (8/15)             Temple (0/1) D:6
   Lair: D:8-11

Altars:
Ashenzari
Nemelex Xobeh
Okawaru
Trog
Uskayaw
Vehumet

Annotations:
D:8 Snack's ghost, novice TeWr


Innate Abilities, Weirdness & Mutations

You have a pair of small horns on your head.
You are mostly covered in yellow scales. (AC +3)
You are slightly more attuned to the shadows.
When hurt, damage is shared between your health and your magic reserves.


Message History

You feel yourself slow down. The hornet stings you.
You are more poisoned.
You feel as though you will be slow longer.
You can move again.
Casting: Sticky Flame
Confirm with . or Enter, or press ? or * to list all spells.
Aiming: Flame Tongue
Press: ? - help, Shift-Dir - straight line, f/p - hornet
Aim: a hornet (moderately wounded, covered in liquid flames)
You feel a surge of power!
The flame tongue misses the hornet.
You feel very sick.
The hornet burns!
The hornet stings you!
* * * LOW HITPOINT WARNING * * *
You feel as though you will be slow longer.
The hornet stings you!
* * * LOW HITPOINT WARNING * * *
You feel as though you will be slow longer.
You feel better.
The hornet burns! x2; The hornet stops burning.
The hornet misses you. The hornet stings you!
You die...

##########..
.$.......#.
.........'
.........#
..)......#
[.....y..#
#.@..#
######


You could see a hornet.

Vanquished Creatures
  Pikel (D:5)
  Grinder (D:5)
  A hornet (D:7)
  A meliai zombie (D:8)
  A water moccasin (D:6)
  Duvessa (D:5)
  3 ice beasts
  2 black bears
  2 orc warriors
  A necrophage (D:6)
  3 phantoms
  7 ogres
  3 centaurs
  A gnoll sergeant (D:7)
  6 bullfrogs
  Dowan (D:5)
  4 crimson imps
  2 centaur zombies
  A bullfrog zombie (D:7)
  A centaur skeleton (D:5)
  5 orc priests
  4 hounds
  A jelly (D:7)
  A bullfrog skeleton (D:4)
  2 iguanas (D:7)
  2 worker ants (D:4)
  5 orc wizards
  A hound skeleton (D:8)
  8 gnolls
  9 adders
  2 shadow imps
  An adder zombie (D:7)
  An adder skeleton (D:7)
  3 worms (D:2)
  7 dart slugs
  8 leopard geckos
  41 orcs
  14 bats
  3 giant cockroaches
  8 goblins
  6 hobgoblins
  8 jackals
  4 quokkas
  2 ball pythons (D:4)
  4 frilled lizards
  A jackal skeleton (D:7)
  5 kobolds
  A leopard gecko zombie (D:5)
  5 rats
205 creatures vanquished.

Vanquished Creatures (others)
  A worker ant (D:5)
  A quokka (D:5)
2 creatures vanquished.

Grand Total: 207 creatures vanquished

Notes
Turn   | Place    | Note
-------+----------+-------------------------------------------
     0 | D:1      | Dfrag the Demonspawn Fire Elementalist began the quest for the Orb.
     0 | D:1      | Reached XP level 1. HP: 13/13 MP: 3/3
   303 | D:1      | Gained mutation: When hurt, damage is shared between your health and your magic reserves. [demonic ancestry]
   303 | D:1      | Reached XP level 2. HP: 14/19 MP: 3/5
   812 | D:2      | Gained mutation: You are partially covered in yellow scales. (AC +2) [demonic ancestry]
   812 | D:2      | Reached XP level 3. HP: 18/24 MP: 1/6
   817 | D:2      | Learned a level 3 spell: Conjure Flame
  1151 | D:2      | Reached skill level 2 in Conjurations
  1720 | D:3      | Reached XP level 4. HP: 30/30 MP: 5/7
  2427 | D:4      | Reached skill level 3 in Conjurations
  2427 | D:4      | Gained mutation: You have a pair of small horns on your head. [demonic ancestry]
  2427 | D:4      | Reached XP level 5. HP: 28/35 MP: 3/9
  2579 | D:4      | Noticed a phantom
  2588 | D:4      | Learned a level 4 spell: Sticky Flame
  2760 | D:4      | Noticed an ogre
  2781 | D:4      | Killed an ogre
  2781 | D:4      | Gained mutation: You are mostly covered in yellow scales. (AC +3) [demonic ancestry]
  2781 | D:4      | Reached XP level 6. HP: 14/41 MP: 2/11
  2994 | D:4      | Found a shattered altar of Ashenzari.
  3072 | D:4      | Reached skill level 4 in Conjurations
  3190 | D:4      | Reached XP level 7. HP: 16/46 MP: 1/13
  3517 | D:4      | Reached skill level 5 in Fire Magic
  3750 | D:5      | Entered Level 5 of the Dungeon
  3755 | D:5      | Noticed Dowan
  3756 | D:5      | Noticed Duvessa
  3771 | D:5      | Killed Duvessa
  3838 | D:4      | Reached skill level 5 in Conjurations
  3855 | D:5      | Killed Dowan
  4088 | D:5      | Noticed Grinder
  4104 | D:5      | Killed Grinder
  4104 | D:5      | Reached skill level 5 in Spellcasting
  4104 | D:5      | Reached XP level 8. HP: 38/52 MP: 2/15
  4338 | D:5      | Found a radiant altar of Vehumet.
  4442 | D:5      | Became a worshipper of Vehumet
  4483 | D:5      | Noticed Pikel
  4494 | D:5      | Killed Pikel
  4494 | D:5      | Reached skill level 6 in Conjurations
  4911 | D:6      | Reached XP level 9. HP: 57/57 MP: 1/18
  4954 | D:6      | Found an iron altar of Okawaru.
  4975 | D:6      | Reached skill level 7 in Conjurations
  5236 | D:6      | Learned a level 5 spell: Fireball
  5381 | D:6      | Reached * piety under Vehumet
  5381 | D:6      | Offered knowledge of Sandblast by Vehumet.
  5502 | D:6      | Found a staircase to the Ecumenical Temple.
  5660 | D:6      | Found a bloodstained altar of Trog.
  5823 | D:7      | Found a sparkling altar of Nemelex Xobeh.
  5973 | D:7      | Reached skill level 8 in Conjurations
  6533 | D:7      | Offered knowledge of Freeze by Vehumet.
  6533 | D:7      | Gained mutation: You are slightly more attuned to the shadows. [demonic ancestry]
  6533 | D:7      | Reached XP level 10. HP: 63/63 MP: 7/21
  6574 | D:7      | Found a hide-covered altar of Uskayaw.
  6710 | D:7      | Reached ** piety under Vehumet
  7197 | D:8      | Reached skill level 9 in Conjurations
  7425 | D:8      | Noticed Snack's ghost (novice TeWr)
  7489 | D:8      | Paralysed by a hornet for 2 turns
  7491 | D:8      | HP: 3/63 [hornet (7)]
  7492 | D:8      | Slain by a hornet

Skill      XL: |  1  2  3  4  5  6  7  8  9 10 |
---------------+-------------------------------+-----
Fire Magic     | 3 4 5 6 8 |  8.4
Conjurations   | 2 3 4 5 6 8 9 |  9.0
Spellcasting   | 3 4 5 6 7 8 |  8.1
Dodging        | |  1.7
Stealth        | |  1.7

Action                   |  1- 3 |  4- 6 |  7- 9 | 10-12 || total
-------------------------+-------+-------+-------+-------++-------
Melee: Whip              |    68 |       |       |       ||    68
       Dagger            |    17 |    45 |    77 |    50 ||   189
       Headbutt          |       |     2 |    11 |    14 ||    27
 Cast: Flame Tongue      |    59 |    66 |   195 |    40 ||   360
       Sticky Flame      |       |     2 |    18 |     8 ||    28
       Fireball          |       |       |     5 |     2 ||     7
  Use: Potion            |       |     1 |       |     1 ||     2
       Scroll            |       |       |       |     6 ||     6
 Stab: Sleeping          |     2 |       |       |       ||     2
  Eat: Chunk             |     3 |     5 |    15 |     3 ||    26
Armor: Robe              |    35 |    50 |    39 |    27 ||   151
Dodge: Dodged            |   107 |    83 |   103 |    45 ||   338
